 Dungeon Crawl Stone Soup version 0.21-a0-442-g848f44b (webtiles) character file.

912 mastercheaf21 the Carver (level 7, 0/50 HPs)
             Began as a Demonspawn Gladiator on Nov 14, 2017.
             Slain by Qupu's ghost (1 damage)
             ... on level 5 of the Dungeon.
             The game lasted 00:18:56 (4140 turns).

mastercheaf21 the Carver (Demonspawn Gladiator)     Turns: 4140, Time: 00:18:57

Health: 0/50       AC:  9    Str: 16    XL:     7   Next: 82%
Magic:  7/7        EV:  9    Int: 10    God:
Gold:   190        SH:  0    Dex: 14    Spells: 6/6 levels left

rFire    . . .     SeeInvis .   a - +0 long sword
rCold    . . .     Gourm    .   (no shield)
rNeg     . . .     Faith    .   i - +0 chain mail
rPois    .         Spirit   .   c - +0 helmet
rElec    .         Reflect  .   (no cloak)
rCorr    .         Harm     .   (no gloves)
MR       .....                  (no boots)
Stlth    ..........             (no amulet)
HPRegen  0.16/turn              (no ring)
MPRegen  0.10/turn              (no ring)

@: no status effects
A: repulsion field 1, spiny 2
a: no special abilities


You were on level 5 of the Dungeon.
You were hungry.

You visited 1 branch of the dungeon, and saw 5 of its levels.

You collected 190 gold pieces.

Inventory:

Hand Weapons
 a - a +0 long sword (weapon)
 w - a +3 club
 y - a +0 scythe of freezing
Missiles
 d - 3 throwing nets
 m - 5 javelins (quivered)
Armour
 b - a +0 leather armour
 c - a +0 helmet (worn)
 i - a +0 chain mail (worn)
Jewellery
 q - a cursed ring of loudness {unknown}
 r - an uncursed amulet of regeneration {unknown}
Wands
 u - a wand of confusion (15/48)
 v - a wand of enslavement (17/24)
 A - a wand of random effects (28/48)
Scrolls
 k - 4 scrolls of remove curse {unknown}
 l - 3 scrolls of teleportation {unknown}
 n - a scroll of amnesia {unknown}
 o - 3 scrolls of identify {unknown}
 p - a scroll of random uselessness {unknown}
 t - 2 scrolls of enchant weapon {unknown}
 x - a scroll of blinking {unknown}
 B - a scroll of recharging {unknown}
Potions
 e - a potion of heal wounds {unknown}
 g - a potion of degeneration {unknown}
 h - 2 potions of flight {unknown}
 j - 2 potions of curing {unknown}
 z - a potion of brilliance {unknown}
Comestibles
 f - a bread ration
 s - a meat ration


   Skills:
 - Level 2.0 Fighting
 + Level 8.6 Long Blades
 - Level 1.7 Throwing
 - Level 2.6 Dodging
 - Level 0.5 Stealth


You had 6 spell levels left.
You didn't know any spells.

Dungeon Overview and Level Annotations

Branches:
Dungeon (5/15)
 Temple: D:4-7

Altars:
Dithmenos
Trog
Uskayaw
Vehumet
The Shining One

Annotations:
D:5 Qupu's ghost, novice DrFE


Innate Abilities, Weirdness & Mutations

You are surrounded by a mild repulsion field. (EV +2)
You are mostly covered in sharp spines.


Message History

Qupu's ghost completely misses you.
You barely miss Qupu's ghost.
Qupu's ghost is lightly damaged.
Qupu's ghost gestures at you while chanting.
The flame tongue hits you!
Ouch! That really hurt!
* * * LOW HITPOINT WARNING * * *
You hit Qupu's ghost.
Qupu's ghost is lightly damaged.
Qupu's ghost hits you.
* * * LOW HITPOINT WARNING * * *
Your chain mail prevents you from hitting Qupu's ghost.
Qupu's ghost is lightly damaged.
Qupu's ghost gestures at you while chanting.
The puff of flame hits you!
* * * LOW HITPOINT WARNING * * *
You miss Qupu's ghost.
Qupu's ghost is lightly damaged.
Qupu's ghost is struck by your spines. Qupu's ghost hits you.
You die...

#....≈≈####
#....≈≈≈≈≈≈
###....≈≈≈≈≈≈
#.#.....P....
#.....#......
####....†# .....
.....>..)# .###
.......W)# #
...[...@.#
.........#
.........#
.........###+#..
+###...†........
+............
#..........##
#..........#
#..........#


You could see Qupu's ghost.

Vanquished Creatures
  Grinder (D:3)
  Sigmund (D:2)
  An ogre (D:4)
  A bullfrog (D:3)
  A scorpion (D:5)
  A hound (D:4)
  3 orc wizards
  Jessica (D:3)
  An iguana (D:4)
  Ijyb (D:3)
  3 worker ants
  4 adders
  2 dart slugs
  4 leopard geckos
  6 orcs
  4 giant cockroaches
  8 goblins
  5 hobgoblins
  8 kobolds
  2 quokkas
  11 bats
  4 frilled lizards
  6 rats
79 creatures vanquished.

Notes
Turn   | Place    | Note
-------+----------+-------------------------------------------
     0 | D:1      | mastercheaf21 the Demonspawn Gladiator began the quest for the Orb.
     0 | D:1      | Reached XP level 1. HP: 16/16 MP: 1/1
    84 | D:1      | Reached skill level 3 in Long Blades
   266 | D:1      | Gained mutation: You are partially covered in sharp spines. [demonic ancestry]
   266 | D:1      | Reached XP level 2. HP: 22/22 MP: 2/2
   906 | D:2      | Reached XP level 3. HP: 27/27 MP: 3/3
   937 | D:2      | Reached skill level 4 in Long Blades
  1522 | D:3      | Gained mutation: You are mostly covered in sharp spines. [demonic ancestry]
  1522 | D:3      | Reached XP level 4. HP: 33/33 MP: 4/4
  1587 | D:3      | Found a bloodstained altar of Trog.
  1667 | D:3      | Noticed Ijyb
  1711 | D:3      | Killed Ijyb
  1735 | D:3      | Reached skill level 5 in Long Blades
  1789 | D:3      | Noticed Jessica
  1790 | D:3      | Noticed Sigmund
  1809 | D:3      | Killed Jessica
  1809 | D:3      | Reached XP level 5. HP: 36/38 MP: 5/5
  1844 | D:2      | Killed Sigmund
  1844 | D:2      | Reached skill level 6 in Long Blades
  1844 | D:2      | Gained mutation: You are surrounded by a mild repulsion field. (EV +2) [demonic ancestry]
  1844 | D:2      | Reached XP level 6. HP: 18/44 MP: 6/6
  2196 | D:3      | Found a glowing golden altar of the Shining One.
  2286 | D:3      | Found a radiant altar of Vehumet.
  2288 | D:3      | Noticed Grinder
  2289 | D:3      | Paralysed by Grinder for 4 turns
  2296 | D:3      | Paralysed by Grinder for 5 turns
  2308 | D:3      | Killed Grinder
  2308 | D:3      | Reached skill level 7 in Long Blades
  2308 | D:3      | Reached XP level 7. HP: 20/50 MP: 7/7
  2495 | D:3      | Found a hide-covered altar of Uskayaw.
  3511 | D:4      | Found a shadowy altar of Dithmenos.
  3548 | D:4      | Reached skill level 8 in Long Blades
  4068 | D:5      | Entered Level 5 of the Dungeon
  4122 | D:5      | Noticed Qupu's ghost (novice DrFE)
  4139 | D:5      | HP: 1/50 [Qupu's ghost/puff of flame (8)]
  4140 | D:5      | Slain by Qupu's ghost

Vault maps used:
D:1:      lemuel_arrival_lava_pool, hangedman_decor_lopped, minmay_tromino_v2
D:3:      lemuel_coloured_pillars_altar, lightli_temple_of_fire, minitemple,
          first_bread, uniq_ijyb, uniq_grinder, uniq_sigmund, uniq_jessica
D:4:      overflow_temple_1_default
D:5:      lemuel_castle_with_subvaults, chequers_ossuary_entry_cave,
          nicolae_ru_path_of_blood

Skill      XL: |  1  2  3  4  5  6  7 |
---------------+----------------------+-----
Long Blades    | 3 4 5 6 7 8 |  8.6
Fighting       | |  2.0
Throwing       | |  1.7
Dodging        | |  2.6
Stealth        | |  0.5

Action                   |  1- 3 |  4- 6 |  7- 9 || total
-------------------------+-------+-------+-------++-------
Melee: Long sword        |    86 |    60 |    70 ||   216
  Eat: Chunk             |     2 |     2 |     1 ||     5
       Bread ration      |       |       |     1 ||     1
Armor: Chain mail        |    66 |    42 |    25 ||   133
Dodge: Dodged            |    42 |    15 |    19 ||    76
       Rpst.: Long sword |    16 |     2 |     7 ||    25

Table legend:
 A = Spawn XP
 B = Non-spawn XP
 C = Spawn XP percentage of total XP
 D = Spawn monster count
 E = Non-spawn monster count
 F = Spawn count percentage of total count
 G = Total turns spent on level
                    A         B        C        D         E        F      G
               +---------+---------+-------+---------+---------+-------+---------
         Total |       0 |    1303 |   0.0 |       0 |      79 |   0.0 |  4140
               +---------+---------+-------+---------+---------+-------+---------
           D:1 |       0 |      36 |   0.0 |       0 |      20 |   0.0 |   935
           D:2 |       0 |     259 |   0.0 |       0 |      19 |   0.0 |   744
           D:3 |       0 |     494 |   0.0 |       0 |      23 |   0.0 |  1165
           D:4 |       0 |     359 |   0.0 |       0 |      11 |   0.0 |  1224
           D:5 |       0 |     155 |   0.0 |       0 |       6 |   0.0 |    72
               +---------+---------+-------+---------+---------+-------+---------
